 Dungeon Crawl Stone Soup version 0.22.1-2-g9c5b331383 (webtiles) character file.

1514 Peloso the Carver (level 8, 0/70 HPs)
             Began as a Minotaur Fighter on Dec 31, 2018.
             Was a Believer of Okawaru.
             Slain by Grinder (5 damage)
             ... in a sewer.
             The game lasted 00:12:58 (4183 turns).

Peloso the Carver (Minotaur Fighter)                Turns: 4183, Time: 00:12:59

Health: 0/70       AC:  8    Str: 21      XL:     8   Next: 53%
Magic:  7/7        EV: 11    Int:  5      God:    Okawaru [**....]
Gold:   169        SH: 11    Dex: 11 (12) Spells: 7/7 levels left

rFire    + . .     SeeInvis .   a - +1 long sword
rCold    . . .     Gourm    .   c - +1 shield
rNeg     . . .     Faith    .   b - +0 scale mail
rPois    .         Spirit   .   (helmet restricted)
rElec    .         Reflect  .   (no cloak)
rCorr    .         Harm     .   (no gloves)
MR       .....                  j - +0 pair of boots
Stlth    ..........             (no amulet)
HPRegen  0.21/turn              n - ring of protection from fire
MPRegen  0.10/turn              w - +2 ring of evasion

@: drained
A: retaliatory headbutt, horns 2
a: Heroism, Renounce Religion


You were in a sewer.
You worshipped Okawaru.
Okawaru was pleased with you.
You were hungry.

You visited 1 branch of the dungeon, and saw 6 of its levels.
You also visited: Sewer.

You collected 169 gold pieces.

Inventory:

Hand Weapons
 a - a +1 long sword (weapon)
Armour
 b - a +0 scale mail (worn)
 c - a +1 shield (worn)
 j - a +0 pair of boots (worn)
Jewellery
 n - a ring of protection from fire (left hand)
 r - an uncursed ring of wizardry
 w - a +2 ring of evasion (right hand)
 y - an uncursed ring of protection from fire
 E - an uncursed amulet of harm
Wands
 d - a wand of random effects (18)
 D - a wand of paralysis (12)
Scrolls
 i - a scroll of fog
 l - 4 scrolls of remove curse
 u - 4 scrolls of teleportation {unknown}
 x - a scroll of amnesia {unknown}
 C - a scroll of noise {unknown}
Potions
 g - 5 potions of heal wounds
 k - 2 potions of curing {unknown}
 o - 3 potions of flight {unknown}
 v - 2 potions of brilliance {unknown}
 z - 3 potions of mutation {unknown}
 A - a potion of agility {unknown}
 B - a potion of resistance {unknown}
Comestibles
 f - 7 rations


   Skills:
 + Level 6.2(5.7) Fighting
 + Level 8.2(7.7) Long Blades
 + Level 6.3(5.8) Armour
 + Level 3.3(2.9) Dodging
 + Level 0.6(0.2) Stealth
 + Level 6.7(6.2) Shields


You had 7 spell levels left.
You didn't know any spells.
Your spell library was empty.

Dungeon Overview and Level Annotations

Branches:
Dungeon (6/15)             Temple (0/1) D:5

Altars:
Ashenzari
Nemelex Xobeh
Okawaru
Qazlal
Sif Muna
Xom
Yredelemnul
Zin

Shops:
D:6 *

Annotations:
Sewer Grinder


Innate Abilities, Weirdness & Mutations

You reflexively headbutt those who attack you in melee.
You have a pair of horns on your head.


Message History

You hit the kobold but do no damage. Your headbutt misses the kobold.
Something tries to affect you, but you resist.
You block the kobold's attack.
Unknown command.
You closely miss the kobold. The kobold hits you but does no damage.
You hit the kobold.
You kill the kobold!
Okawaru accepts your kill.
You see here a dagger.
You see here a dagger.
Something tries to affect you, but you resist.
Pain shoots through your body!
* * * LOW HITPOINT WARNING * * *
Something hits you but does no damage.
You hit something but do no damage. Pain shoots through your body!
* * * LOW HITPOINT WARNING * * *
Something hits you!
* * * LOW HITPOINT WARNING * * *
You writhe in agony.
You die...

#.....##≈..#.≈≈≈≈≈≈≈≈
##'''###≈≈.#..≈≈≈≈≈≈≈
#######...###≈≈.#....≈≈≈≈≈
###...##..§..###.####.#≈###≈
###...≈.'.§...))#...#≈≈.≈.....
#∩[(..≈.'..._.§()).≈≈≈≈≈.≈≈≈≈≈
###...§.'.§.....#(.≈#≈≈.≈....)
###§§§##..§..###.####.###≈##
#######.)@###≈†.#....≈≈≈≈≈
#'''# #≈≈.#..≈≈≈≈≈≈≈
#§§§..##≈≈)#..≈≈≈≈≈≈≈
#§≈§≈.##≈≈.#.≈≈≈≈≈≈≈≈
#§....##≈≈.#.≈≈≈≈≈≈≈≈
##...###≈..+.≈≈≈≈≈≈≈≈ #)(!#
##.########### ##!##
#...#≈≈≈≈≈≈≈ #≈.≈..≈≈≈≈≈≈


There were no monsters in sight!

Vanquished Creatures
  A water moccasin (D:5)
  2 sky beasts (D:4)
  A phantom (D:5)
  An ogre (D:5)
  2 big kobolds (Sewer)
  A scorpion (D:5)
  5 crimson imps
  2 bullfrog zombies (D:5)
  2 quasits
  A jelly (D:6)
  5 orc wizards (D:4)
  2 orc priests
  2 worker ants
  4 big kobold zombies (Sewer)
  Robin (D:2)
  6 adders
  A shadow imp (Sewer)
  2 ufetubi (Sewer)
  2 dart slugs (D:1)
  3 leopard geckos
  9 orcs
  2 ball pythons (D:4)
  6 giant cockroaches
  13 goblins
  10 hobgoblins
  12 jackals
  27 kobolds
  A ball python skeleton (D:4)
  8 bats
  13 frilled lizards
  A jackal skeleton (D:5)
  A leopard gecko zombie (D:6)
  4 rats
153 creatures vanquished.

Vanquished Creatures (others)
  An ooze (Sewer)
1 creature vanquished.

Grand Total: 154 creatures vanquished

Notes
Turn   | Place    | Note
-------+----------+-------------------------------------------
     0 | D:1      | Peloso the Minotaur Fighter began the quest for the Orb.
     0 | D:1      | Reached XP level 1. HP: 19/19 MP: 0/0
   359 | D:1      | Reached XP level 2. HP: 25/27 MP: 1/1
   469 | D:1      | You fall through a shaft!
   529 | D:2      | Reached XP level 3. HP: 33/33 MP: 2/2
   775 | D:2      | Noticed Robin
   782 | D:2      | Reached skill level 3 in Long Blades
   789 | D:2      | Killed Robin
   805 | D:2      | Reached XP level 4. HP: 20/40 MP: 3/3
  1319 | D:3      | Found a basalt altar of Yredelemnul.
  1612 | D:3      | Found a stormy altar of Qazlal.
  1622 | D:3      | Found a shattered altar of Ashenzari.
  1627 | D:3      | Found an iron altar of Okawaru.
  1635 | D:3      | Became a worshipper of Warmaster Okawaru
  2156 | D:4      | Reached skill level 4 in Long Blades
  2157 | D:4      | Reached XP level 5. HP: 34/47 MP: 4/4
  2158 | D:4      | Reached skill level 5 in Shields
  2159 | D:4      | Reached skill level 1 in Dodging
  2248 | D:4      | Reached XP level 6. HP: 39/53 MP: 5/5
  2283 | D:4      | Found a shimmering altar of Xom.
  2283 | D:4      | Noticed an angel
  2284 | D:4      | Found a glowing silver altar of Zin.
  2627 | D:4      | Found a sparkling altar of Nemelex Xobeh.
  2745 | D:4      | Found a deep blue altar of Sif Muna.
  2800 | D:5      | Entered Level 5 of the Dungeon
  2812 | D:5      | Reached skill level 5 in Armour
  2844 | D:5      | Reached * piety under Okawaru
  2844 | D:5      | Reached skill level 5 in Long Blades
  2870 | D:5      | Noticed a sky beast
  2874 | D:5      | Noticed a sky beast
  2922 | D:4      | Killed a sky beast
  2922 | D:4      | Reached XP level 7. HP: 19/60 MP: 6/6
  3133 | D:4      | Reached skill level 5 in Fighting
  3172 | D:5      | Reached skill level 6 in Long Blades
  3235 | D:5      | Found a staircase to the Ecumenical Temple.
  3239 | D:5      | Reached ** piety under Okawaru
  3440 | D:5      | Reached skill level 7 in Long Blades
  3440 | D:5      | Reached XP level 8. HP: 38/68 MP: 7/7
  3618 | D:6      | Found Sauhyir's Assorted Antiques.
  3786 | D:6      | Found a glowing drain.
  3842 | Sewer    | Entered a sewer
  4052 | Sewer    | Found a burning altar of Makhleb.
  4091 | Sewer    | Reached skill level 8 in Long Blades
  4154 | Sewer    | Noticed Grinder
  4161 | Sewer    | Paralysed by Grinder for 2 turns
  4165 | Sewer    | Paralysed by Grinder for 5 turns
  4183 | Sewer    | Slain by Grinder

Skill      XL: |  1  2  3  4  5  6  7  8 |
---------------+-------------------------+-----
Shields        | 4 5 6 |  6.7
Armour         | 4 5 6 |  6.3
Fighting       | 4 5 6 |  6.2
Long Blades    | 3 4 5 7 8 |  8.2
Dodging        | 1 2 3 |  3.3
Stealth        | |  0.6

Action                   |  1- 3 |  4- 6 |  7- 9 || total
-------------------------+-------+-------+-------++-------
Melee: Long sword        |    84 |   137 |   211 ||   432
       Headbutt          |    15 |    21 |    36 ||    72
Invok: Heroism           |       |       |     1 ||     1
Evoke: Wand              |       |       |     1 ||     1
  Use: Potion            |       |     1 |       ||     1
       Scroll            |       |       |     8 ||     8
  Eat: Chunk             |       |     2 |     2 ||     4
       Ration            |       |     1 |     1 ||     2
Armor: Scale mail        |    39 |    71 |   102 ||   212
Dodge: Dodged            |    32 |    54 |    93 ||   179
Block: Shield            |    58 |    73 |   132 ||   263
       Rpst.: Long sword |     8 |    13 |    34 ||    55
